Map: Pillars of Gold LE

Players

Mattagon - Winner!

  • Race: Terran Terran
  • League: Diamond
  • Spawn Location: 7:00

Asindee

  • Race: Terran Terran
  • League: Diamond
  • Spawn Location: 1:00

VOD

Have the link to the VOD?

Description

Time

  • Played on: Feb. 17, 2021, 9:21 a.m.
  • Length: 45:11
Show
View Real Time Build Order
Export as new Build Order

Mattagon Terran - Winner!

Build Orders: 1/1/1 

Get SALT Encoding   

  12  0:01  SCV  
  13  0:13  SCV  
  14  0:17  Supply Depot  
  14  0:25  SCV  
  15  0:29  Refinery  
  15  0:39  SCV  
  16  0:46  Barracks  
  16  0:51  SCV  
  17  0:59  Refinery  
  17  1:03  SCV  
  18  1:15  SCV  
  19  1:27  SCV  
  20  1:36  Factory  
  20  1:39  Reaper  
  22  1:48  Supply Depot  
  22  1:52  Orbital Command  
  21  2:18  SCV, Barracks Reactor  
  21  2:20  Hellion  
  24  2:25  Starport  
  24  2:30  SCV  
  25  2:42  Hellion, SCV  
  28  2:54  SCV, Reaper x2  
  31  3:02  Supply Depot  
  31  3:15  Supply Depot  
  31  3:23  Medivac  
  31  3:24  Hellion, SCV  
  36  3:37  Reaper x2  
  38  3:45  Factory Tech Lab  
  38  3:50  Command Center  
  38  4:06  SCV  
  38  4:07  Siege Tank  
  42  4:11  Starport Tech Lab  
  40  4:18  SCV  
  39  4:30  SCV  
  38  4:42  SCV  
  38  4:44  Siege Tank  
  41  4:48  Reaper x2  
  39  4:54  SCV  
  39  4:57  Viking  
  40  5:06  SCV  
  41  5:16  Siege Tank  
  41  5:17  Starport  
  41  5:18  SCV  
  45  5:21  Orbital Command  
  45  5:30  Engineering Bay  
  45  5:31  SCV  
  46  5:43  SCV  
  46  5:47  Orbital Command  
  46  5:49  Siege Tank  
  50  5:55  SCV  
  51  6:00  Sensor Tower  
  50  6:07  SCV  
  51  6:19  SCV  
  51  6:24  Viking  
  54  6:25  Viking  
  54  6:28  Marine x2  
  54  6:31  SCV  
  56  6:42  SCV  
  56  6:43  SCV  
  58  6:47  Siege Tank  
  61  6:54  SCV  
  62  7:16  Supply Depot  
  62  7:18  Terran Infantry Weapons Level 1  
  62  7:19  Supply Depot  
  62  7:20  Supply Depot x2  
  62  7:36  Refinery x2  
  62  7:38  Viking, SCV x2, Marine  
  67  7:47  Marine  
  67  7:48  Siege Tank  
  67  7:50  SCV x2  
  73  7:55  Marine  
  74  8:02  SCV x2  
  74  8:03  Viking  
  76  8:08  Armory  
  76  8:14  SCV x2  
  78  8:20  Marine x2  
  78  8:26  SCV, Command Center  
  81  8:28  Starport Reactor, Barracks  
  81  8:30  Barracks  
  81  8:36  Supply Depot  
  81  8:38  Supply Depot  
  81  8:44  Siege Tank  
  81  8:45  SCV  
  81  8:46  SCV  
  86  8:58  SCV x2  
  88  9:06  Supply Depot  
  88  9:10  SCV  
  88  9:11  SCV  
  88  9:15  Medivac x2  
  88  9:16  Siege Tank  
  97  9:17  Viking  
  97  9:22  SCV  
  97  9:23  Refinery  
  100  9:28  Barracks Tech Lab x2  
  100  9:30  Refinery  
  100  9:34  Marine  
  100  9:35  Marine  
  102  9:54  SCV x2  
  102  9:55  Orbital Command  
  102  9:56  Viking x3  
  109  10:25  Viking  
  109  10:26  Viking  
  97  10:51  SCV x3  
  100  10:59  Raven  
  106  11:08  SCV  
  106  11:09  SCV x2  
  109  11:13  Liberator  
  109  11:14  Liberator  
  109  11:15  Siege Tank  
  114  11:21  SCV x3  
  114  11:25  Terran Vehicle Weapons Level 1  
  117  11:26  Neosteel Armor  
  117  11:27  Armory  
  117  11:33  SCV x3  
  117  11:36  Command Center  
  117  11:39  Command Center  
  120  11:44  Factory  
  120  11:45  SCV x2  
  122  11:47  Siege Tank  
  122  11:50  Viking  
  122  11:52  SCV  
  128  11:56  Viking  
  128  11:57  SCV  
  131  12:01  SCV  
  131  12:04  SCV  
  131  12:07  Supply Depot x2  
  133  12:09  Supply Depot x2  
  133  12:10  Factory  
  133  12:11  Supply Depot  
  133  12:15  Viking  
  135  12:17  Terran Vehicle And Ship Armor Level 1  
  135  12:20  Viking  
  137  12:30  Viking  
  137  12:45  Viking  
  139  13:08  Liberator x2  
  142  13:15  Viking  
  132  13:34  Missile Turret  
  132  13:36  Missile Turret  
  132  13:45  Viking  
  128  13:51  Viking x2  
  132  14:08  Factory Tech Lab  
  132  14:15  Viking  
  134  14:21  Viking  
  115  14:47  Viking  
  115  14:48  Viking  
  126  14:52  Viking  
  121  15:06  Planetary Fortress  
  114  15:11  Siege Tank, Marine x4  
  118  15:17  Viking  
  101  15:29  Marine  
  101  15:31  Marine x2  
  93  15:43  Siege Tank  
  90  16:05  Marine x3  
  90  16:09  SCV x2  
  95  16:15  Siege Tank  
  98  16:23  Marine  
  73  16:45  Orbital Command  
  63  17:51  SCV x3  
  64  17:56  SCV  
  64  17:58  Orbital Command  
  67  18:01  Command Center  
  67  18:02  Siege Tank  
  67  18:03  SCV x3  
  67  18:04  Factory Tech Lab  
  73  18:08  SCV  
  74  18:15  SCV x3  
  77  18:20  SCV  
  77  18:27  SCV x2  
  77  18:33  SCV  
  80  18:39  SCV  
  80  18:40  SCV x2  
  83  18:45  SCV  
  84  18:51  SCV  
  84  18:52  SCV x2  
  87  18:57  SCV  
  87  19:02  Sensor Tower, Command Center  
  88  19:03  SCV  
  88  19:04  SCV x2  
  88  19:09  SCV  
  91  19:19  Siege Tank  
  91  19:21  Hellbat x2  
  98  19:24  Viking  
  98  19:26  Command Center  
  98  19:30  SCV x4  
  104  19:42  SCV x3, Hellbat  
  109  19:52  Siege Tank x2  
  115  20:10  Siege Tank  
  121  20:27  Viking x2  
  104  21:05  Viking x2  
  104  21:06  Viking, Siege Tank  
  103  21:15  Marine  
  103  21:16  Marine x2  
  94  21:32  Command Center  
  94  21:35  Viking x2  
  96  21:44  Viking  
  82  22:05  Viking x2  
  86  22:11  SCV x2  
  86  22:12  SCV  
  89  22:18  SCV  
  90  22:23  SCV  
  90  22:24  SCV  
  90  22:26  Siege Tank x3  
  101  22:48  Marine x2  
  101  22:49  Marine  
  95  22:51  Viking  
  95  22:52  Viking x2  
  97  23:06  Marine  
  97  23:07  Planetary Fortress  
  97  23:09  Orbital Command  
  97  23:11  SCV  
  97  23:12  SCV x3  
  102  23:21  Refinery  
  102  23:22  Refinery  
  102  23:23  Sensor Tower  
  102  23:24  SCV x4  
  106  23:27  Marine x2  
  106  23:30  Siege Tank  
  111  23:36  SCV  
  112  23:56  Viking x3  
  118  24:09  Terran Vehicle And Ship Armor Level 2, Terran Vehicle Weapons Level 2  
  118  24:16  SCV  
  118  24:17  SCV x2  
  121  24:23  Siege Tank  
  124  24:42  Command Center  
  124  24:46  Liberator x2  
  130  24:53  SCV  
  130  24:54  Siege Tank, SCV  
  135  25:11  SCV  
  135  25:12  SCV x2  
  138  25:19  Missile Turret  
  138  25:22  Siege Tank x2  
  144  25:32  Factory  
  144  25:34  Factory  
  144  25:35  Liberator  
  144  25:36  Liberator  
  144  25:39  Missile Turret  
  144  25:42  Armory  
  150  26:01  Missile Turret  
  152  26:04  SCV  
  152  26:05  Orbital Command  
  152  26:09  Siege Tank x3  
  160  26:40  Planetary Fortress  
  160  26:41  Hellbat  
  159  26:54  Siege Tank x2  
  162  27:03  Siege Tank  
  165  27:13  Factory Tech Lab x2  
  165  27:16  Refinery  
  165  27:20  Refinery  
  165  27:26  Siege Tank x2  
  165  27:28  SCV x3  
  165  27:29  SCV  
  175  27:31  Siege Tank x2  
  175  27:35  Siege Tank  
  184  27:58  Siege Tank, Reaper  
  184  27:59  Siege Tank  
  184  28:03  Siege Tank  
  188  28:22  Siege Tank  
  187  28:34  Siege Tank  
  165  28:54  Siege Tank  
  124  29:26  SCV  
  124  29:27  SCV  
  107  29:42  Siege Tank  
  107  29:43  Siege Tank  
  98  30:15  Siege Tank x2  
  89  32:01  Orbital Command  
  89  32:03  Command Center  
  78  33:19  Orbital Command  
  64  34:06  Refinery  
  64  34:07  Refinery  
  64  34:10  Supply Depot  
  64  34:12  Supply Depot x2  
  64  34:13  Supply Depot  
  64  34:44  Command Center  
  64  35:23  Supply Depot x2  
  64  35:25  Supply Depot  
  64  35:45  SCV  
  64  35:48  Supply Depot  
  65  35:57  SCV  
  66  36:09  SCV  
  67  36:12  Command Center  
  67  36:15  Barracks  
  67  36:16  Barracks  
  67  36:17  Barracks  
  67  36:21  SCV  
  68  36:33  SCV  
  69  36:53  Supply Depot  
  69  36:54  Supply Depot  
  69  36:55  Supply Depot  
  69  36:56  Supply Depot  
  69  37:51  Factory x2  
  69  37:52  Refinery  
  69  37:53  Refinery  
  69  38:05  Orbital Command  
  69  38:13  SCV  
  69  38:14  SCV  
  71  38:26  SCV  
  73  38:28  Orbital Command  
  72  38:36  Factory Tech Lab x2  
  72  38:40  SCV  
  72  38:41  SCV  
  74  38:53  SCV x2  
  79  38:55  Siege Tank x2  
  79  39:01  Command Center  
  82  39:07  Command Center  
  82  39:09  SCV  
  84  39:10  SCV x2  
  84  39:13  Factory  
  85  39:27  Siege Tank  
  85  39:28  Siege Tank  
  85  39:29  SCV x3, Armory  
  94  39:59  Factory Tech Lab, Siege Tank  
  97  40:00  Siege Tank  
  100  40:19  Terran Vehicle Weapons Level 3  
  100  40:23  Orbital Command  
  100  40:25  Refinery  
  100  40:31  Siege Tank  
  100  40:32  Siege Tank, Marine x2  
  108  40:45  SCV x2  
  110  40:50  Armory  
  110  40:59  Siege Tank  
  113  41:13  Orbital Command  
  113  41:15  SCV x3  
  113  41:16  SCV  
  117  41:27  SCV x2  
  117  41:28  SCV x2  
  121  41:39  SCV  
  123  41:40  SCV x3  
  123  41:44  Siege Tank  
  123  41:45  Siege Tank x2  
  134  41:51  SCV  
  134  41:52  SCV  
  136  42:14  Refinery  
  136  42:16  Siege Tank  
  136  42:17  Siege Tank x2  
  145  42:24  SCV  
  145  42:25  SCV, Marine x3  
  150  42:49  Siege Tank  
  153  42:54  SCV x2  
  155  43:10  Supply Depot  
  155  43:12  Supply Depot x2  
  155  43:26  Starport  
  155  43:32  Siege Tank x2, SCV x2  
  155  43:34  Supply Depot x2, SCV x3  
  166  43:44  SCV x2  
  166  43:46  SCV x2  
  170  43:55  SCV  
  171  43:56  SCV x2  
  171  43:58  SCV x2  
  171  43:59  Siege Tank  
  178  44:04  Siege Tank  
  178  44:05  Starport  
  181  44:17  Refinery  
  181  44:18  Refinery  
  181  44:25  SCV x3  
  184  44:53  SCV x3  
Show
View Real Time Build Order
Export as new Build Order

Asindee Terran 

Build Orders:  

Get SALT Encoding   

  12  0:00  SCV  
  13  0:12  SCV  
  14  0:18  Supply Depot  
  14  0:24  SCV  
  15  0:28  Refinery  
  15  0:39  SCV  
  16  0:46  Barracks  
  16  0:51  SCV  
  17  0:57  Refinery  
  17  1:03  SCV  
  18  1:16  SCV  
  19  1:28  SCV  
  20  1:39  Barracks Reactor  
  20  1:43  Orbital Command  
  20  1:49  Factory  
  20  2:03  Supply Depot  
  20  2:08  SCV  
  20  2:14  Marine  
  20  2:15  Marine  
  23  2:25  SCV  
  24  2:32  Starport  
  24  2:33  Factory Tech Lab, Marine  
  25  2:42  SCV  
  26  2:49  Marine  
  27  2:52  Siege Tank  
  27  2:57  Supply Depot  
  30  3:03  SCV  
  31  3:18  Viking x2, SCV  
  36  3:30  Siege Tank  
  36  3:34  SCV  
  39  3:46  SCV  
  40  3:51  Viking x2  
  44  3:59  Supply Depot  
  37  4:27  SCV  
  37  4:29  Siege Tank  
  39  4:38  Viking x2  
  38  4:40  SCV  
  37  4:58  SCV  
  38  5:01  Siege Tank  
  41  5:15  Viking  
  41  5:16  Engineering Bay  
  41  5:21  Viking  
  45  5:22  SCV  
  46  5:46  SCV  
  46  5:49  Command Center  
  44  5:52  Missile Turret  
  44  6:02  Siege Tank  
  47  6:09  SCV  
  48  6:12  Viking x2  
  42  6:40  Siege Tank  
  42  6:43  SCV  
  43  6:55  SCV  
  43  6:57  Command Center, Missile Turret  
  44  7:05  Orbital Command  
  44  7:08  SCV  
  45  7:18  Siege Tank  
  45  7:20  SCV  
  49  7:31  SCV  
  49  7:32  SCV  
  49  7:34  Viking x2  
  55  7:43  SCV  
  56  7:44  SCV  
  56  7:48  Refinery  
  56  7:50  Siege Tank, Refinery  
  60  8:06  Viking  
  60  8:10  SCV x2  
  64  8:16  Command Center  
  64  8:20  Missile Turret  
  64  8:21  Missile Turret x2  
  64  8:22  Supply Depot  
  64  8:23  SCV x2, Missile Turret  
  66  8:38  Siege Tank  
  66  8:39  SCV x2  
  72  8:43  Orbital Command  
  71  8:51  Supply Depot, SCV x2  
  73  8:58  Factory  
  73  9:00  Viking  
  73  9:02  Armory  
  75  9:03  SCV  
  75  9:04  SCV  
  77  9:11  SCV  
  77  9:13  Armory  
  77  9:15  SCV  
  79  9:17  Siege Tank  
  79  9:18  SCV  
  79  9:21  Supply Depot  
  83  9:26  SCV  
  83  9:27  SCV  
  83  9:30  Supply Depot, Missile Turret  
  85  9:31  Supply Depot  
  85  9:43  Factory Tech Lab  
  85  9:45  Refinery  
  85  9:47  SCV x3  
  85  9:48  Refinery  
  85  9:51  Orbital Command  
  88  9:59  Viking, SCV x2, Factory  
  92  10:00  SCV  
  92  10:03  Factory  
  93  10:07  Terran Vehicle Weapons Level 1  
  93  10:08  Factory  
  93  10:11  SCV  
  93  10:12  Terran Vehicle And Ship Armor Level 1  
  90  10:36  Liberator x2  
  90  10:55  Siege Tank  
  90  11:02  Factory Tech Lab x2  
  90  11:03  Factory Tech Lab  
  90  11:09  Missile Turret  
  90  11:21  Command Center  
  90  11:22  Viking x2  
  94  11:28  SCV x2  
  94  11:30  Orbital Command, Starport  
  96  11:33  Supply Depot, Siege Tank  
  96  11:34  Supply Depot  
  96  11:35  Supply Depot, Hellion x2  
  96  11:39  Command Center  
  103  11:40  SCV  
  103  11:42  Siege Tank  
  107  11:55  SCV  
  107  11:56  SCV x2  
  110  12:07  Viking x2, SCV  
  110  12:08  SCV x2  
  117  12:19  Siege Tank x2, SCV  
  124  12:23  Refinery  
  124  12:27  Siege Tank, Hellion x2  
  127  12:40  Missile Turret  
  127  12:42  Missile Turret  
  127  12:44  Viking x2  
  129  12:48  Hellion  
  129  12:50  Starport Reactor  
  131  12:52  Planetary Fortress  
  131  12:55  Missile Turret  
  113  13:13  Viking  
  113  13:14  Viking  
  114  13:23  Siege Tank  
  114  13:24  Hellion  
  114  13:25  Hellion x3  
  119  13:43  Viking  
  119  13:44  Viking  
  119  13:45  Hellion  
  119  13:46  Hellion x3  
  104  13:55  Hellion  
  99  14:07  Hellion x3, Siege Tank  
  106  14:16  Siege Tank  
  102  14:28  Hellion, Siege Tank  
  102  14:29  Hellion  
  92  14:39  Hellion  
  94  14:48  Hellion, Command Center  
  94  14:49  Siege Tank, Refinery  
  94  14:50  Hellion, Refinery  
  101  15:00  Thor  
  101  15:01  Hellion  
  106  15:10  Hellion  
  106  15:11  Hellion  
  95  15:21  Siege Tank  
  95  15:22  Hellion  
  90  15:31  Siege Tank  
  90  15:33  Hellion  
  90  15:43  Siege Tank x2  
  96  15:54  Hellion x2  
  94  16:03  Siege Tank  
  82  16:15  Hellion, Siege Tank  
  82  16:16  Hellion x2  
  76  16:35  Siege Tank  
  76  16:36  Siege Tank  
  76  16:37  Hellion x2  
  86  16:48  Hellion  
  86  16:58  Siege Tank  
  86  16:59  Hellion  
  88  17:07  Siege Tank  
  91  17:09  Hellion x2  
  95  17:20  Siege Tank  
  98  17:30  Hellion, Siege Tank  
  97  17:46  Siege Tank, Hellion  
  96  17:58  SCV  
  96  17:59  SCV x2  
  99  18:13  SCV x3  
  102  18:38  Viking x2  
  104  18:52  Viking  
  104  18:54  SCV  
  107  19:08  Viking x2  
  107  19:21  SCV x2  
  112  19:28  Planetary Fortress  
  111  19:33  SCV x2  
  111  19:38  Refinery  
  111  19:50  Viking x3  
  117  19:57  SCV  
  117  19:58  SCV  
  119  20:09  SCV  
  119  20:10  SCV  
  121  20:20  Viking  
  123  20:25  Viking x2  
  123  20:27  Refinery  
  127  20:28  Command Center  
  111  21:06  Viking  
  111  21:07  Viking x2  
  107  21:25  Siege Tank x3  
  116  21:36  Viking  
  116  21:37  Viking x2  
  114  21:57  Siege Tank x2  
  118  22:06  Viking  
  118  22:07  Viking x2  
  118  22:22  Planetary Fortress  
  118  22:28  Hellion x2  
  122  22:36  Viking  
  118  22:37  Viking  
  104  22:57  Viking  
  96  23:00  Terran Ship Weapons Level 1  
  96  23:06  Viking  
  98  23:23  Viking  
  100  23:35  Command Center  
  100  23:45  Siege Tank x2, Hellion  
  100  23:46  Hellion  
  110  23:59  Thor  
  110  24:15  SCV x3  
  110  24:16  SCV  
  114  24:27  SCV  
  114  24:29  Thor  
  121  24:40  Refinery x2  
  121  24:43  Thor  
  127  24:49  Orbital Command  
  127  25:04  SCV x4  
  127  25:06  Terran Vehicle Weapons Level 2  
  137  25:24  Thor x2  
  143  25:30  SCV x4  
  147  25:50  Thor  
  153  26:18  Thor x3  
  153  26:24  Command Center  
  171  26:25  Refinery  
  171  26:29  Refinery  
  167  26:42  Thor x2  
  179  26:52  Supply Depot x2  
  176  27:13  Terran Vehicle And Ship Armor Level 2, Thor  
  182  27:55  Terran Vehicle Weapons Level 3  
  168  28:26  Siege Tank, Thor  
  168  28:27  Siege Tank, Hellion x2  
  169  28:47  Thor  
  175  28:48  Hellion  
  172  28:59  Hellion  
  115  30:10  Factory  
  115  30:11  Factory  
  103  30:24  Command Center  
  102  30:34  Command Center  
  99  30:35  Engineering Bay  
  93  31:46  Planetary Fortress  
  91  32:29  Command Center  
  91  32:30  Missile Turret  
  66  33:40  Command Center  
  58  33:54  Command Center  
  58  35:17  Command Center  
  58  35:29  Barracks  
  58  35:31  Engineering Bay  
  58  36:11  Planetary Fortress  
  58  36:16  Missile Turret  
  58  36:17  Engineering Bay  
  58  36:25  Planetary Fortress  
  58  36:30  Missile Turret  
  58  36:33  Planetary Fortress  
  58  36:38  Missile Turret  
  58  36:57  Missile Turret  
  58  37:08  Supply Depot  
  58  37:09  Factory  
  58  37:17  Missile Turret  
  58  37:30  Supply Depot  
  58  37:51  SCV  
  59  38:04  SCV  
  60  38:16  SCV  
  61  38:31  Factory Tech Lab  
  61  38:38  Supply Depot, Refinery  
  61  38:59  SCV  
  61  39:00  Supply Depot  
  65  39:11  SCV  
  65  39:15  Supply Depot  
  63  39:17  Armory  
  63  39:20  Refinery  
  63  39:23  SCV  
  64  39:35  SCV  
  65  39:48  SCV  
  66  40:06  SCV  
  70  40:16  Widow Mine  
  70  40:18  SCV  
  70  40:23  Terran Vehicle And Ship Armor Level 3  
  70  40:39  Widow Mine  
  72  40:43  Drilling Claws  
  72  41:02  Factory  
  72  41:09  Widow Mine  
  74  41:11  SCV  
  75  41:27  SCV  
  75  41:31  Supply Depot  
  76  41:34  Widow Mine  
  78  41:57  Factory Tech Lab  
  78  41:58  Factory Reactor  
  78  42:15  Supply Depot  
  78  42:20  Supply Depot  
  78  42:35  Supply Depot  
  78  42:37  SCV, Widow Mine x2  
  78  42:39  Widow Mine  
  85  42:49  SCV  
  86  43:01  SCV  
  87  43:48  Supply Depot  
  87  43:52  Supply Depot  
  87  43:53  Supply Depot  
  87  43:54  Supply Depot  
  87  44:10  SCV, Widow Mine x3  
  94  44:34  Supply Depot  
  94  44:36  Widow Mine x2  
Tags
 
Matchup
TvT
Opening
1/1/1
Race
Terran
Spawn Locations
Cross Positions
Add a new tag
Caveats
  • Supply blocks, unpowered buildings, or Contaminate may cause inaccurate times.
  • Supply counts are checked every 10 seconds.